 Dungeon Crawl Stone Soup version 0.29.1-12-g30fa7ad0bf (webtiles) character file.

Game seed: 8600354415893658505

89 zeram the Sneak (level 4, -1/27 HPs)
             Began as an Octopode Enchanter on Dec 26, 2022.
             Slain by Terence
             ... wielding a +0 flail
              (6 damage)
             ... on level 3 of the Dungeon.
             The game lasted 00:02:55 (2717 turns).

zeram the Sneak (Octopode Enchanter)                Turns: 2717, Time: 00:02:55

Health: -1/27      AC:  1    Str:  7    XL:     4   Next: 55%
Magic:  7/7        EV: 13    Int: 19    God:
Gold:   94         SH:  0    Dex: 12    Spells: 2/7 levels left

rFire   . . .      SeeInvis .   a - +1 dagger
rCold   . . .      Faith    .   (no shield)
rNeg    . . .      Spirit   .   (helmet restricted)
rPois   .          Reflect  .   (no amulet)
rElec   .          Harm     .   (no ring)
rCorr   .          Rampage  .   (no ring)
Will    .....                   (no ring)
Stlth   ++++......              (no ring)
HPRegen 0.09/turn               (no ring)
MPRegen 0.10/turn               (no ring)
                                (no ring)
                                (no ring)

@: no status effects
A: almost no armour, amphibious, 8 rings, camouflage 1, gelatinous body 1,
(nimble swimmer 1), tentacles
a: no special abilities


You were on level 3 of the Dungeon.
You visited 1 branch of the dungeon, and saw 3 of its levels.

You collected 94 gold pieces.

Inventory:

Hand Weapons
 a - a +1 dagger (weapon)
Scrolls
 d - 2 scrolls of teleportation
 e - a scroll of noise
 j - a scroll of vulnerability
Potions
 b - a potion of invisibility
 c - 2 potions of lignification {unknown}
 f - a potion of might
 h - a potion of mutation
 i - a potion of attraction {unknown}


   Skills:
 + Level 1.4 Short Blades
 + Level 2.6 Dodging
 + Level 5.8 Stealth
 + Level 2.3 Spellcasting
 + Level 3.3 Hexes


You had 2 spell levels left.
You knew the following spells:

 Your Spells              Type           Power      Damage    Failure   Level
a - Ensorcelled Hibernat  Hex/Ice        16%        N/A       12%         2
b - Tukima's Dance        Hex            14%        N/A       12%         3

Your spell library contained the following spells:

 Spells                   Type           Power      Damage    Failure   Level
 Confusing Touch          Hex            14%        N/A       12%         3
 Dazzling Flash           Conj/Hex       16%        N/A       24%         3
 Summon Guardian Golem    Hex/Summ       8%         N/A       24%         3
 Orb of Destruction       Conj           1%         9d5       100%        7
 Spellforged Servitor     Conj/Summ      1%         N/A       100%        7


Dungeon Overview and Level Annotations

Branches:
Dungeon (3/15)

Altars:

Annotations:
D:3 Terence


Innate Abilities, Weirdness & Mutations

You cannot wear most types of armour.
You are amphibious.
You can wear up to eight rings at the same time.
Your skin changes colour to match your surroundings (Stealth+).
Your rubbery body absorbs attacks. (AC +1, EV +1)
((You are camouflaged when in or above water. (Stealth+)))
You have tentacles for arms and can constrict up to eight enemies at once.


Message History

You constrict the kobold, but do no damage.
The kobold hits you with a +0 short sword.
You hit the kobold but do no damage.
The kobold is moderately wounded.
You constrict the kobold, but do no damage.
The kobold hits you with a +0 short sword.
Unknown command.
You hit the kobold.
The kobold is severely wounded.
You constrict the kobold, but do no damage.
The endoplasm freezes you.
You are frozen.
The kobold misses you.
Terence the Incautious comes into view.
He is wielding a +0 flail.
You are too injured to fight recklessly!
You are too injured to fight recklessly!
Unknown command.
You are too injured to fight recklessly!
Unknown command.
You are too injured to fight recklessly!
You are too injured to fight recklessly!
Unknown command.
You are too injured to fight recklessly!
You hit the endoplasm.
You squeeze the endoplasm, but do no damage.
The endoplasm is heavily wounded.
You constrict the kobold.
You kill the kobold!
The endoplasm closely misses you.
Unknown command.
You barely miss the endoplasm.
The endoplasm is heavily wounded.
The endoplasm barely misses you.
You hit the endoplasm.
You squeeze the endoplasm, but do no damage.
The endoplasm is almost dead.
The endoplasm freezes you.
You are frozen.
* * * LOW HITPOINT WARNING * * *
Terence hits you with a +0 flail.
You die...

#.##.######.).#
# #............
#!...........
#............
#........!.
##......$...
#...........
+....J......
#...@@.#....
#....).#....
#......# ...
#......#
########


You could see Terence and an endoplasm.

Vanquished Creatures
  2 adders (D:2)
  4 orcs (D:3)
  8 bats
  5 endoplasms
  3 giant cockroaches
  9 goblins
  9 hobgoblins
  3 jackals (D:2)
  2 quokkas (D:1)
  4 ball pythons
  3 frilled lizards (D:1)
  3 kobolds
  2 rats
57 creatures vanquished.

Vanquished Creatures (others)
  5 fungi (D:2)
  3 plants (D:2)
8 creatures vanquished.

Grand Total: 65 creatures vanquished

Notes
Turn   | Place    | Note
-------+----------+-------------------------------------------
     0 | D:1      | zeram the Octopode Enchanter began the quest for the Orb.
     0 | D:1      | Reached XP level 1. HP: 11/11 MP: 3/3
   429 | D:1      | Reached XP level 2. HP: 5/17 MP: 5/5
  1093 | D:1      | Reached XP level 3. HP: 19/21 MP: 6/6
  1108 | D:1      | Learned a level 2 spell: Ensorcelled Hibernation
  1505 | D:2      | Reached skill level 5 in Stealth
  1858 | D:2      | Reached XP level 4. HP: 20/27 MP: 7/7
  2263 | D:2      | Found a faded altar of an unknown god.
  2465 | D:2      | Learned a level 3 spell: Tukima's Dance
  2714 | D:3      | Noticed Terence
  2717 | D:3      | Slain by Terence

Illustrated notes

Levels and vault maps discovered:
D:1:      grunt_arrival_lava_bath, layout_basic, chequers_arboretum
D:2:      layout_rooms, dreamdust_ecumenical_altar_hidden_monk_grotto,
          chequers_serial_rivers_large_b, minmay_misc_feat_tower
D:3:      layout_basic, okawaru_altar_gauntlet_db, uniq_grinder, uniq_terence

Skill      XL: |  1  2  3 |
---------------+----------+-----
Stealth        | 5 |  5.8
Short Blades   | |  1.4
Dodging        | |  2.6
Spellcasting   | |  2.3
Hexes          | |  3.3

Action                   |  1- 3 |  4- 6 || total
-------------------------+-------+-------++-------
Melee: Dagger            |    73 |    41 ||   114
       Tentacles         |    17 |    14 ||    31
       Constrict         |    17 |    10 ||    27
       Punch             |     2 |       ||     2
 Cast: Ensorcelled Hiber |       |     3 ||     3
  Use: Scroll            |     3 |     4 ||     7
       Potion            |       |     2 ||     2
 Stab: Sleeping          |    15 |     3 ||    18
       Invisible         |       |     2 ||     2
Armor: Skin              |     4 |     2 ||     6
Dodge: Dodged            |    49 |    32 ||    81
